 Dungeon Crawl Stone Soup version 0.31-a0-455-g1a7b003ef0 (webtiles) character file.

Game seed: 18442000823510164039

11641 testman the Mimic (level 11, 0/94 (118) HPs)
             Began as a White Draconian Shapeshifter on Aug 2, 2023.
             Was a Priest of Okawaru.
             Slain by a gnoll
             ... wielding a +0 halberd of draining
              (6 damage)
             ... in a bailey on Aug 4, 2023.
             The game lasted 00:44:53 (11654 turns).

testman the Mimic (White Draconian Shapeshifter)   Turns: 11654, Time: 00:44:54

HP:   0/94 (118)    AC:  9    Str: 27    XL:     11   Next: 52%
MP:   15/16         EV: 13    Int:  8    God:    Okawaru [***...]
Gold: 432           SH:  0    Dex: 12    Spells: 10/10 levels left

rFire   . . .        o - melded +1 whip (elec)
rCold   . . .        g - melded +0 buckler
rNeg    . . .        (body armour unavailable)
rPois   .            (helmet currently unavailable)
rElec   .            (cloak currently unavailable)
rCorr   .            (gloves currently unavailable)
SInv    +            (boots currently unavailable)
Will    .....        J - amulet of faith
Stlth   +++          k - ring of see invisible
HPRegen 0.35/turn    (no ring)
MPRegen 0.15/turn

%: faith
@: snake-form, heroic, heavily drained
A: constrict, boosted hp, (breathe frost), AC +7, large, unfitting armour, (cold
resistance 1), (cold-blooded)
a: Begin Untransformation, Renounce Religion, Heroism


You were in a bailey.
You worshipped Okawaru.
Okawaru was most pleased with you.
You were an enormous anaconda.
You visited 2 branches of the dungeon, and saw 11 of its levels.
You also visited: Bailey.

You collected 432 gold pieces.

Inventory:

Hand Weapons
 o - a +1 whip of electrocution (melded)
 v - a +0 sling of draining
Missiles
 e - 8 boomerangs
 f - 5 javelins
 D - 5 atropa-tipped darts
 L - 2 curare-tipped darts
 M - 12 poisoned darts
Armour
 g - a +0 buckler (melded)
 h - a +1 cloak
 m - a +0 pair of gloves
 N - a +0 pair of boots
Jewellery
 k - a ring of see invisible (left hand)
 J - an amulet of faith (around neck)
Talismans
 b - a beast talisman
 q - a serpent talisman (active)
Wands
 x - a wand of flame (17)
 A - a wand of polymorph (11)
 F - a wand of charming (7)
 I - a wand of mindburst (15)
Scrolls
 c - a scroll of fog
 d - 2 scrolls of immolation
 l - a scroll of vulnerability
 p - 3 scrolls of amnesia
 r - a scroll of teleportation
 B - 3 scrolls of fear {unknown}
Potions
 a - 4 potions of lignification
 i - 3 potions of cancellation {unknown}
 j - a potion of attraction
 n - 4 potions of mutation
 s - a potion of ambrosia
 z - 2 potions of curing
 C - 2 potions of might
 E - a potion of magic {unknown}
 G - a potion of resistance {unknown}
 H - 2 potions of haste {unknown}
 K - a potion of brilliance {unknown}
 O - a potion of invisibility {unknown}


   Skills:
 + Level 9.6(14.6) Fighting
 - Level 5.1(10.1) Dodging
 - Level 1.5(6.5) Shields
 + Level 8.8(13.8) Unarmed Combat
 + Level 6.6 Invocations
 - Level 10.1 Shapeshifting


You had 10 spell levels left.
You didn't know any spells.
Your spell library contained the following spells:

 Spells                   Type           Power      Damage    Failure   Level
 Apportation              Tloc           0%         N/A       41%         1
 Lesser Beckoning         Tloc           0%         N/A       54%         2
 Sublimation of Blood     Necr           0%         N/A       54%         2
 Gell's Gravitas          Tloc           0%         N/A       78%         3
 Teleport Other           Tloc           0%         N/A       78%         3
 Petrify                  Tmut/Erth      0%         N/A       99%         4
 Alistair's Intoxication  Tmut/Pois      0%         N/A       100%        5
 Irradiate                Conj/Tmut      0%         3d11      100%        5


Dungeon Overview and Level Annotations

Branches:
Dungeon (10/15)            Temple (1/1) D:7            Lair (0/5) D:9
 Bailey (1/1)
    Orc: D:9-12

Altars:
Ashenzari
Cheibriados
Elyvilon
Fedhas
Gozag
Hepliaklqana
Kikubaaqudgha
Makhleb
Nemelex Xobeh
Okawaru
Qazlal
Ru
Sif Muna
Trog
Uskayaw
Vehumet
Xom
Yredelemnul
Zin
The Shining One

Shops:
D:4 [(==(

Annotations:
D:8 1 runed translucent door


Innate Abilities, Weirdness & Mutations

You are an enormous anaconda.
You have a powerful constriction melee attack.
Your maximum health is increased.
Your armour is entirely melded.
You are incapable of wielding weapons or throwing items.
((You can breathe waves of freezing cold which knock back foes.))
((Your icy white scales are hard. (AC +7)))
You cannot fit into any form of body armour.
((Your flesh is cold resistant. (rC+)))
((You are cold-blooded and may be slowed by cold attacks.))


Message History

The orc knight is severely wounded.
You constrict the orc knight.
The gnoll hits you from afar with a +0 halberd of draining.
* * * LOW HITPOINT WARNING * * *
You feel drained.
The orc knight hits you with a +0 halberd!
* * * LOW HITPOINT WARNING * * *
The gnoll closely misses you.
As you read the scroll labelled JAMEZU SIOLA, it crumbles to dust.
You hear a loud clanging noise!
It was a scroll of noise.
You constrict the orc knight.
You hear a shout! x2
The gnoll closely misses you. The orc knight closely misses you.
The gnoll closely misses you.
An orc opens the door. x2
The air fills with toxic fumes!
As you read the scroll labelled JYTIAS SOBRY, it crumbles to dust.
It was a scroll of poison.
You constrict the orc knight, but do no damage.
The gnoll closely misses you. The orc knight completely misses you.
The gnoll misses you.
As you read the scroll labelled KIEFOX URYECS, it crumbles to dust.
It is a scroll of enchant armour.
Your +0 cloak glows green for a moment.
You constrict the orc knight! The gnoll barely misses you.
The orc knight roars a battlecry!
The orcs go into a battle-frenzy!
The gnoll hits you from afar with a +1 halberd of draining!
* * * LOW HITPOINT WARNING * * *
You feel drained.
* * * LOW HITPOINT WARNING * * *
Okay, then.
As you read the scroll labelled TUIRGHU WARAI, it crumbles to dust.
It is a scroll of brand weapon.
Your +0 heavy sling craves living souls!
v - a +0 sling of draining You constrict the orc knight!
You kill the orc knight!
Okawaru accepts your kill.
The gnoll hits you from afar with a +0 halberd of draining.
You die...

#'# ### ##### ###
### #.###.###.#g#
o#
##'##'##'###+##§##+
##.....## §§§§§#
###.....### §§§§§##
#)'..⌠..')# §§§§§§o
###.....### g§§§§#
##.....## ##)g§§§#
##'##'##'###S#
#.###.###§§§## ###
### #####


You could see 2 gnolls and 2 orcs.

Vanquished Creatures
  Erica (D:9)
  A two-headed ogre (D:9)
  3 death yaks
  An orc knight (Bailey)
  Maggie (D:7)
  Prince Ribbit (D:6)
  Grinder (D:4)
  2 hornets
  A slime creature (D:7)
  18 yaks
  Eustachio (D:4)
  3 steam dragons
  Menkaure (D:6)
  A vampire mosquito (D:6)
  2 acid dragons
  Edmund (D:4)
  Duvessa (D:6)
  2 water moccasins
  2 orc warriors
  A black bear (D:8)
  An ice beast (D:7)
  A sky beast (D:5)
  3 ogres
  A centaur (D:8)
  A phantom (D:5)
  2 kobold brigands (D:8)
  3 bullfrogs (D:7)
  2 gnoll sergeants (D:7)
  3 scorpions
  4 wights (D:6)
  Dowan (D:6)
  6 killer bees (D:8)
  6 jellies
  4 electric eels (D:9)
  Crazy Yiuf (D:2)
  6 orc priests
  A sleepcap (D:6)
  2 gnoll boudas
  2 hounds
  4 iguanas
  Ijyb (D:4)
  8 orc wizards
  21 gnolls
  14 adders
  A shadow imp (D:7)
  5 white imps
  An ufetubus (D:5)
  A dart slug (D:2)
  48 orcs
  5 ball pythons
  7 endoplasms
  3 giant cockroaches
  12 goblins
  6 hobgoblins
  9 quokkas
  5 bats
  3 frilled lizards
  A goblin zombie (D:8)
  16 kobolds
  5 rats
271 creatures vanquished.

Notes
Turn   | Place    | Note
-------+----------+-------------------------------------------
     0 | D:1      | testman the Draconian Shapeshifter began the quest for the
                  | Orb.
     0 | D:1      | Reached XP level 1. HP: 16/16 MP: 1/1
   131 | D:1      | Reached XP level 2. HP: 24/24 MP: 2/2
   950 | D:2      | Reached XP level 3. HP: 30/30 MP: 3/3
   987 | D:2      | Reached skill level 1 in Shields
  1130 | D:2      | Reached XP level 4. HP: 37/37 MP: 4/4
  1556 | D:2      | Found a runed translucent door.
  1557 | D:2      | Noticed Crazy Yiuf
  1570 | D:2      | Killed Crazy Yiuf
  1571 | D:2      | Reached skill level 4 in Shapeshifting
  1857 | D:3      | Reached XP level 5. HP: 45/45 MP: 5/5
  2725 | D:4      | Noticed Eustachio
  2798 | D:4      | Killed Eustachio
  2799 | D:4      | Reached skill level 5 in Shapeshifting
  2799 | D:4      | Reached XP level 6. HP: 4/51 MP: 6/6
  3016 | D:4      | Found Zuckown's Jewellery Boutique.
  3052 | D:4      | Found Aschy's Antique Weapon Shop.
  3098 | D:4      | Found a sacrificial altar of Ru.
  3106 | D:4      | Became a worshipper of Ru the Awakened
  3291 | D:4      | Noticed Ijyb
  3305 | D:4      | Killed Ijyb
  3407 | D:4      | Found Yluukug's Jewellery Boutique.
  3417 | D:4      | Noticed Grinder
  3430 | D:4      | Killed Grinder
  3431 | D:4      | Reached skill level 6 in Shapeshifting
  3431 | D:4      | Your scales start taking on an icy white colour.
  3431 | D:4      | Reached XP level 7. HP: 32/57 MP: 7/7
  3431 | D:4      | Gained mutation: Your flesh is cold resistant. (rC+) [White
                  | Draconian growth]
  3571 | D:4      | Found Uqin's Weapon Shoppe.
  3608 | D:4      | Found Gulusac's Antique Armour Emporium.
  3611 | D:4      | Noticed Edmund
  3619 | D:4      | Killed Edmund
  3840 | D:4      | Reached skill level 7 in Shapeshifting
  3964 | D:5      | Entered Level 5 of the Dungeon
  4179 | D:5      | Reached skill level 8 in Shapeshifting
  4179 | D:5      | Reached XP level 8. HP: 52/63 MP: 8/8
  4281 | D:5      | Upgraded the game from 0.31-a0-441-g867994ef1c to
                  | 0.31-a0-455-g1a7b003ef0
  4612 | D:5      | Found a stormy altar of Qazlal.
  5231 | D:6      | Reached skill level 9 in Shapeshifting
  5472 | D:6      | HP: 2/61 [wight/+3 trident (3)]
  5819 | D:6      | Noticed Duvessa
  5819 | D:6      | Noticed Dowan
  5822 | D:6      | Killed Dowan
  5823 | D:6      | Reached skill level 10 in Shapeshifting
  5829 | D:6      | Killed Duvessa
  5830 | D:6      | Reached XP level 9. HP: 50/68 MP: 9/9
  5945 | D:6      | Found a broken altar of Ashenzari.
  6253 | D:6      | Found a white marble altar of Elyvilon.
  6427 | D:7      | Noticed Menkaure
  6431 | D:6      | Killed Menkaure
  7085 | D:7      | Noticed Prince Ribbit
  7102 | D:6      | Killed Prince Ribbit
  7251 | D:6      | Reached skill level 5 in Fighting
  7418 | D:7      | Reached skill level 5 in Unarmed Combat
  7581 | D:7      | Reached XP level 10. HP: 64/83 MP: 10/10
  7843 | D:7      | Found a shimmering altar of Xom.
  8071 | D:7      | Found a bloodstained altar of Trog.
  8153 | D:7      | Found a staircase to the Ecumenical Temple.
  8155 | D:7      | Noticed Maggie
  8164 | D:7      | Killed Maggie
  8165 | D:7      | Reached skill level 5 in Dodging
  8176 | Temple   | Entered the Ecumenical Temple
  8187 | Temple   | Fell from the grace of Ru
  8187 | Temple   | Became a worshipper of Warmaster Okawaru
  8341 | D:8      | Found a runed translucent door.
  8346 | D:8      | Found a basalt altar of Yredelemnul.
  8560 | D:8      | Reached skill level 1 in Invocations
  8628 | D:8      | Reached * piety under Okawaru
  9044 | D:8      | Found a shimmering blue altar of Sif Muna.
  9202 | D:8      | Found a hide-covered altar of Uskayaw.
  9588 | D:9      | Found a staircase to the Lair.
  9588 | D:9      | Noticed a death yak
  9602 | D:9      | Reached ** piety under Okawaru
  9716 | D:9      | Noticed a death yak
  9722 | D:8      | HP: 5/105 [/a scroll of torment (3)]
 10044 | D:8      | Killed a death yak
 10045 | D:8      | Reached XP level 11. HP: 58/95 MP: 12/14
 10047 | D:8      | Killed a death yak
 10047 | D:8      | Reached *** piety under Okawaru
 10048 | D:8      | Reached skill level 5 in Invocations
 10191 | D:9      | Noticed a death yak
 10202 | D:9      | Killed a death yak
 10503 | D:9      | Noticed a two-headed ogre
 10516 | D:9      | Killed a two-headed ogre
 10729 | D:9      | Received a gift from Okawaru
 11033 | D:9      | Noticed Erica
 11039 | D:9      | Killed Erica
 11238 | D:10     | Entered Level 10 of the Dungeon
 11345 | D:10     | Found a flagged portal.
 11361 | Bailey   | Entered a bailey
 11643 | Bailey   | Noticed an orc knight
 11654 | Bailey   | Killed an orc knight
 11654 | Bailey   | Slain by a gnoll

Illustrated notes

Levels and vault maps discovered:
D:1:      ldierk_walled_garden, layout_loops_corners
D:2:      layout_loops_cross, minmay_fractal_squares_gapless_5,
          uniq_crazy_yiuf_cottage
D:3:      layout_basic, chequers_serial_rivers_room_a
D:4:      layout_loops_corners, nicolae_ru_path_of_blood, serial_shops,
          nicolae_shop_bloodbath_and_beyond, shop,
          nicolae_shop_advertising_works [nicolae_subvault_shop_adworks], shop,
          nicolae_diamond_shop, serial_aquarium, aquarium_bridge_square
          [aquarium_subvault_bridge, aquarium_subvault_window,
          aquarium_subvault_wall, aquarium_subvault_wall], aquarium_window_1,
          aquarium_window_corridor_3, aquarium_window_2, aquarium_window_fake,
          aquarium_view_2d, aquarium_view_2c, aquarium_balcony_1b,
          aquarium_pool_2, uniq_ijyb, uniq_grinder, uniq_eustachio, uniq_edmund
D:5:      layout_basic, nicolae_qazlal_beasts_of_the_sky
D:6:      layout_gridville, elyvilon_altar_5,
          mainiacjoe_overflow_small_starburst, serial_bayou_pond_a,
          minmay_diced_spiral, uniq_duvessa
D:7:      minmay_chambers_of_sevens, layout_basic,
          mainiacjoe_overflow_six_doors_small, mainiacjoe_overflow_boulevard,
          minmay_temple_entry_glass, uniq_menkaure, uniq_maggie,
          uniq_prince_ribbit1
D:8:      layout_loops_ring, dk_yredelemnul_ordeal,
          mainiacjoe_overflow_chevrons, nicolae_uskayaw_dance_studio,
          minmay_misc_feat_tower, palyth_stone_intersect
D:9:      layout_small_grid, dpeg_lair_monsters, serial_bayou,
          serial_bayou_lagoon_b, serial_bayou_lake_a, serial_bayou_pond_d,
          serial_bayou_pond_b, uniq_erica
D:10:     layout_basic, lemuel_round_altar, nicolae_dithmenos_the_darkroom,
          enter_bailey_4, serial_shops, nicolae_shop_hallway_stairs,
          hangedman_ranch
Temple:   hellmonk_temple_of_storms
Bailey:   bailey_polearm_nasty_gnolls, bailey

Skill      XL: |  1  2  3  4  5  6  7  8  9 10 11 |
---------------+----------------------------------+-----
Fighting       | 2 3 6 8 9 |  9.6
Shields        | 1 |  1.5
Shapeshifting  | 4 5 6 8 10 | 10.1
Dodging        | 4 5 |  5.1
Unarmed Combat | 5 7 8 |  8.8
Invocations    | 4 6 |  6.6

Action                     |  1- 3 |  4- 6 |  7- 9 | 10-12 || total
---------------------------+-------+-------+-------+-------++-------
  Melee: Unarmed           |    61 |       |   109 |   250 ||   420
         Tailslap          |    11 |    21 |    14 |       ||    46
         Mace              |    13 |       |       |       ||    13
         Whip              |    10 |   172 |   129 |       ||   311
         Constrict         |       |       |    26 |    60 ||    86
  Throw: Boomerang         |     4 |     5 |    10 |       ||    19
         Javelin           |       |     3 |       |       ||     3
         Dart              |       |       |     2 |       ||     2
 Invoke: Heroism           |       |       |       |     9 ||     9
Ability: Breathe Frost     |       |       |    14 |       ||    14
  Evoke: Wand              |       |     1 |     1 |     1 ||     3
    Use: Scroll            |       |     6 |     3 |     8 ||    17
         Potion            |       |     1 |     4 |     1 ||     6
   Stab: Sleeping          |       |       |       |     3 ||     3
         Distracted        |       |       |       |     1 ||     1
 Armour: Skin              |    26 |    63 |    61 |    72 ||   222
  Dodge: Dodged            |    62 |    90 |   142 |   140 ||   434
  Block: Buckler           |     4 |    32 |    17 |       ||    53
   Form: Anaconda          |       |       |     1 |       ||     1

Table legend: (Time is in decaauts)
 A = Elapsed time spent in this place.
 B = Non-inter-level travel time spent in this place.
 C = Inter-level travel time spent in this place.
 D = Time resting spent in this place.
 E = Time spent auto-exploring this place.
 F = Levels seen in this place.
 G = Mean time per level.
                   A        B        C        D        E       F      G
               +--------+--------+--------+--------+--------+-----+--------+
         Total |  11680 |  11293 |    387 |   1624 |   7478 |  12 |  973.3 |
       Dungeon |  11368 |  10991 |    377 |   1539 |   7478 |  10 | 1136.8 |
        Temple |     23 |     13 |     10 |      0 |      0 |   1 |   23.0 |
        Bailey |    288 |    288 |      0 |     85 |      0 |   1 |  288.0 |
               +--------+--------+--------+--------+--------+-----+--------+

Top non-repeatable levels by time:
     D:6: 1842 daAuts
     D:8: 1762 daAuts
     D:4: 1406 daAuts
     D:5: 1270 daAuts
     D:7: 1231 daAuts
     D:9: 1224 daAuts
     D:2: 914 daAuts
     D:1: 894 daAuts
     D:3: 789 daAuts
  Bailey: 288 daAuts
    D:10: 33 daAuts
  Temple: 23 daAuts
